 Dungeon Crawl Stone Soup version 0.27.1-2-g3b301248ec (webtiles) character file.

Game seed: 13516536476188969325

168 Borgoz the Skirmisher (level 5, 0/51 HPs)
             Began as a Gargoyle Berserker on Sept 26, 2021.
             Was a Believer of Trog.
             Slain by Grinder (7 damage)
             ... on level 3 of the Dungeon.
             The game lasted 00:03:01 (2848 turns).

Borgoz the Skirmisher (Gargoyle Berserker)          Turns: 2848, Time: 00:03:01

Health: 0/51       AC:  6    Str: 21    XL:     5   Next: 49%
Magic:  5/5        EV: 12    Int:  7    God:    Trog [**....]
Gold:   103        SH:  0    Dex: 13    Spells: 4/4 levels left

rFire    + + +     SeeInvis .   c - +3 lajatang of Azxoamn {drain, rF++ rN+ Dex+3 Stlth-}
rCold    + . .     Faith    .   (shield currently unavailable)
rNeg     + + .     Spirit   .   b - +0 animal skin
rPois    ∞         Reflect  .   (no helmet)
rElec    +         Harm     .   h - scarf {rC+ rF+}
rCorr    .         Rampage  .   (no gloves)
Will     .....                  (no boots)
Stlth    ..........             (no amulet)
HPRegen  0.17/turn              (no ring)
MPRegen  0.09/turn              (no ring)

@: berserking, very quick
A: sickness immunity, AC +4, negative energy resistance 1, electricity
resistance, torment resistance 1, petrification resistance
a: Renounce Religion, Berserk, Trog's Hand


You were on level 3 of the Dungeon.
You worshipped Trog.
Trog was pleased with you.
You visited 1 branch of the dungeon, and saw 3 of its levels.

You collected 143 gold pieces.
You spent 40 gold pieces at shops.

Inventory:

Hand Weapons
 a - a +0 mace
 c - the +3 lajatang of Azxoamn (weapon) {drain, rF++ rN+ Dex+3 Stlth-}
   (You acquired it on level 2 of the Dungeon)

   A truly terrible weapon, it drains the life of any living foe it strikes.
   Dex:       It affects your dexterity (+3).
   rF:        It greatly protects you from fire.
   rN:        It protects you from negative energy.
   Stlth:     It makes you less stealthy.
Armour
 b - a +0 animal skin (worn)
 h - a scarf of resistance (worn)
Wands
 g - a wand of digging (3)
Scrolls
 e - 2 scrolls of identify
 f - a scroll of fog


   Skills:
 + Level 4.3 Fighting
 - Level 3.7(3.8) Maces & Flails
 + Level 0.9(2.4) Staves
 + Level 3.5 Armour
 + Level 2.6 Dodging


You had 4 spell levels left.
You didn't know any spells.
Your spell library was empty.

Dungeon Overview and Level Annotations

Branches:
Dungeon (3/15)

Altars:
Wu Jian

Shops:
D:1 (   D:2 *

Annotations:
D:3 Grinder


Innate Abilities, Weirdness & Mutations

You are immune to sickness and miasma.
Your stone body is resilient. (AC +4)
You are immune to poison.
You resist negative energy. (rN+)
You are resistant to electric shocks. (rElec)
You are resistant to unholy torment.
You are immune to petrification.


Message History

You are too injured to fight recklessly!
You are too injured to fight recklessly!
You are too injured to fight recklessly!
You are too injured to fight recklessly!
A red film seems to cover your vision as you go berserk!
You feel yourself moving faster!
You feel mighty!
You feel the effects of Trog's Hand fading.
The bat closely misses you. The bat hits you but does no damage.
The rat barely misses you. Grinder hits you.
* * * LOW HITPOINT WARNING * * *
You barely miss Grinder.
Grinder is lightly wounded.
The bat barely misses you. The rat bites you but does no damage.
Grinder gestures at you. You resist with almost no effort.
You closely miss Grinder.
Grinder is lightly wounded.
The bat misses you. The rat misses you. Grinder hits you.
* * * LOW HITPOINT WARNING * * *
You writhe in agony.
* * * LOW HITPOINT WARNING * * *
You slash Grinder!
Grinder is heavily wounded.
The bat hits you.
* * * LOW HITPOINT WARNING * * *
The rat bites you.
* * * LOW HITPOINT WARNING * * *
You slash the rat!
You kill the rat!
Trog accepts your kill. The bat closely misses you. Grinder barely misses you.
You barely miss Grinder.
Grinder is heavily wounded.
Your skin stops crawling.
You feel less strong-willed. Grinder closely misses you.
The bat barely misses you.
You slash the bat!
You kill the bat!
Trog accepts your kill. Grinder hits you!
You die...

○.........
........#
...../..#
#......#
#......#
#......#
###+##.†....#
#....5@.....#
#.......#####
#.......# ..
#.......# ..
###.########
. #........#
#........#
+........#
##....[...#


You could see Grinder.

Vanquished Creatures
  Crazy Yiuf (D:2)
  Natasha (thrice) (D:2)
  2 adders (D:2)
  A worm (D:2)
  3 ball pythons
  5 bats
  5 endoplasms
  A giant cockroach (D:1)
  9 goblins
  2 hobgoblins
  2 quokkas
  7 kobolds
  4 rats
45 creatures vanquished.

Notes
Turn   | Place    | Note
-------+----------+-------------------------------------------
     0 | D:1      | Borgoz the Gargoyle Berserker began the quest for the Orb.
     0 | D:1      | Reached XP level 1. HP: 14/14 MP: 1/1
    39 | D:1      | Found Wytaruix's Weapon Boutique.
   184 | D:1      | Reached XP level 2. HP: 4/19 MP: 2/2
   455 | D:1      | Found a faded altar of an unknown god.
   995 | D:2      | Reached XP level 3. HP: 24/24 MP: 3/3
  1028 | D:2      | Found an ornate altar of the Wu Jian Council.
  1074 | D:2      | Noticed Natasha
  1084 | D:2      | Killed Natasha
  1211 | D:2      | Reached XP level 4. HP: 22/29 MP: 4/4
  1290 | D:2      | Noticed Natasha
  1296 | D:2      | Killed Natasha
  1296 | D:2      | Reached ** piety under Trog
  1297 | D:2      | Reached skill level 4 in Fighting
  1406 | D:2      | Found a runed translucent door.
  1407 | D:2      | Noticed Crazy Yiuf
  1415 | D:2      | Noticed Natasha
  1428 | D:2      | Killed Natasha
  1638 | D:2      | Found Jeaciug's General Store.
  1643 | D:2      | Bought a scroll of identify for 20 gold pieces
  1643 | D:2      | Bought a scroll of identify for 20 gold pieces
  1645 | D:2      | Identified a scroll of acquirement
  1649 | D:2      | Acquired the +3 lajatang of Azxoamn {drain, rF++ rN+ Dex+3
                  | Stlth-}
  1767 | D:2      | Reached XP level 5. HP: 23/33 MP: 5/5
  2236 | D:2      | Killed Crazy Yiuf
  2828 | D:3      | Noticed Grinder
  2831 | D:3      | Paralysed by Grinder for 7 turns
  2848 | D:3      | Slain by Grinder

Illustrated notes

Levels and vault maps discovered:
D:1:      heliophobic_arrival_henge, layout_basic, serial_shops, shop,
          hellmonk_ecumenical_altar_crossroads, chequers_serial_rivers_large_a
D:2:      layout_loops_cross, serial_shops, nicolae_shop_crystal, basic_altar,
          uniq_crazy_yiuf_cottage, uniq_natasha
D:3:      layout_basic, nicolae_sif_muna_condensation, minivault_5, uniq_grinder

Skill      XL: |  1  2  3  4 |
---------------+-------------+-----
Dodging        | 2 |  2.6
Armour         | 3 |  3.5
Fighting       | 4 |  4.3
Maces & Flails | |  3.7
Staves         | |  0.9

Action                   |  1- 3 |  4- 6 || total
-------------------------+-------+-------++-------
Melee: Mace              |    53 |    17 ||    70
       Lajatang          |       |    48 ||    48
Invok: Berserk           |     1 |     3 ||     4
       Trog's Hand       |       |     2 ||     2
  Use: Scroll            |       |     4 ||     4
Armor: Animal skin       |    16 |    24 ||    40
Dodge: Dodged            |    32 |    59 ||    91
